 Dungeon Sprint DCSS version 0.21-a0-400-g417d9d2 (webtiles) character file.

1207 Kidiri the Thaumaturge (level 8, -12/47 (48) HPs)
             Began as a Deep Elf Fire Elementalist on Oct 20, 2017.
             Was a Believer of Vehumet.
             Mangled by a spatial vortex (28 damage)
             ... in the Dungeon (Sprint III: "The Ten Rune Challenge").
             The game lasted 00:07:44 (1241 turns).

Kidiri the Thaumaturge (Deep Elf Fire Elementalist) Turns: 1241, Time: 00:07:44

HP:   -12/47 (48)   AC:  2    Str:  5    XL:     8   Next: 21%
MP:   23/27         EV: 16    Int: 23    God:    Vehumet [**....]
Gold: 56            SH:  0    Dex: 15    Spells: 16/34 levels left

rFire    . . .     SeeInvis .   k - +3 dagger (speed)
rCold    . . .     Gourm    .   (no shield)
rNeg     . . .     Faith    .   a - +0 robe
rPois    .         Spirit   .   (no helmet)
rElec    .         Reflect  .   (no cloak)
rCorr    .         Harm     .   (no gloves)
MR       .....     Clarity  +   (no boots) Stlth ++........NoTele +
                                (no amulet)
HPRegen  0.15/turn              (no ring)
MPRegen  0.20/turn              (no ring)

@: no status effects
A: hooves 1, clarity
a: Renounce Religion


You were in the Dungeon.
You worshipped Vehumet.
Vehumet was pleased with you.
You were not hungry.

You visited 1 branch You collected 56 gold pieces.

Inventory:

Hand Weapons
 k - a +3 dagger of speed (weapon)
 m - a +0 dagger
 v - a +0 dagger
 y - a +0 long sword of holy wrath
 z - a +0 dagger
 B - a +0 dagger
Armour
 a - a +0 robe (worn)
 l - a +0 robe
 u - a cursed +0 robe
 w - a +0 robe
 A - a +0 ring mail
 C - a +0 robe
Wands
 D - a wand of acid (8/15)
Scrolls
 i - a scroll of blinking
 n - a scroll of holy word
 o - a scroll of identify
 p - 3 scrolls of remove curse
 t - a scroll of immolation
Potions
 d - 2 potions of curing
 e - 3 potions of heal wounds
 f - a potion of haste
 g - 2 potions of magic
 h - a potion of berserk rage
 r - a potion of invisibility
 s - 2 potions of flight
Books
 b - a book of Flames

   Spells                             Type                      Level
   a - Flame Tongue                   Conjuration/Fire             1
   b - Throw Flame                    Conjuration/Fire             2
   c - Conjure Flame                  Conjuration/Fire             3
   d - Inner Flame                    Hexes/Fire                   3
   e - Sticky Flame                   Conjuration/Fire             4
   f - Fireball                       Conjuration/Fire             5
 j - a book of Misfortune

   Spells                             Type                      Level
   a - Confusing Touch                Hexes                        1
   b - Confuse                        Hexes                        3
   c - Gell's Gravitas                Translocation                3
   d - Petrify                        Transmutation/Earth          4
   e - Metabolic Englaciation         Hexes/Ice                    5
   f - Yara's Violent Unravelling     Hexes/Transmutation          5
Comestibles
 c - a bread ration
 q - 3 royal jellies


   Skills:
 + Level 3.8 Fighting
 + Level 4.6 Short Blades
 + Level 3.9 Armour
 + Level 6.3 Dodging
 - Level 2.4 Stealth
 * Level 13.7 Spellcasting
 + Level 8.5 Conjurations
 + Level 9.1 Fire Magic


You had 16 spell levels left.
You knew the following spells:

 Your Spells              Type           Power        Failure   Level  Hunger
a - Flame Tongue          Conj/Fire      #####        1%          1    None
b - Throw Flame           Conj/Fire      ######       1%          2    None
c - Conjure Flame         Conj/Fire      ######..     1%          3    None
d - Inner Flame           Hex/Fire       #####...     1%          3    None
e - Sticky Flame          Conj/Fire      ######..     1%          4    None
f - Fireball              Conj/Fire      ######....   2%          5    ###....


Dungeon Overview and Level Annotations

Branches:
Dungeon (1/1)

Altars:
Cheibriados
Dithmenos
Elyvilon
Fedhas
Gozag
Hepliaklqana
Kikubaaqudgha
Makhleb
Nemelex Xobeh
Okawaru
Qazlal
Ru
Sif Muna
Trog
Uskayaw
Vehumet
Wu Jian
Xom
Yredelemnul
Zin
The Shining One
Beogh
Jiyva
Lugonu


Innate Abilities, Weirdness & Mutations

You have large cloven feet.
You possess an exceptional clarity of mind.


Message History

Press: ? - help, Shift-Dir - straight line, f/p - spatial vortex
Aim: a spatial vortex (lightly damaged)
The flame tongue hits the spatial vortex.
The spatial vortex resists.
The spatial vortex is moderately damaged.
The spatial vortex hits you!!
Ouch! That really hurt!
Space bends around you.
Unknown command.
Casting: Flame Tongue
Confirm with . or Enter, or press ? or * to list all spells.
Aiming: Flame Tongue
Press: ? - help, Shift-Dir - straight line, f/p - spatial vortex
Aim: a spatial vortex (moderately damaged)
The flame tongue hits the spatial vortex.
The spatial vortex resists.
The spatial vortex is moderately damaged.
The spatial vortex hits you!!
Ouch! That really hurt!
You die...

..≈.♣ ♣..###+#+###+##
.≈≈.♣♣♣♣.#.......%..#
≈≈≈≈♣..♣.'.⌠........#
≈≈≈≈≈≈♣..#...######'#
≈≈≈≈≈....#.⌠.#__#...#
###
≈≈≈≈.....#...#__#...#..≈
≈≈.......#+###__#...#.#
.........#...#__#...+.#
.........#___#_v@...#
▓▓▓▓▓▓▓▓▓▓▓▓▓▓▓▓▓▓▓▓▓


You could see a spatial vortex.

Vanquished Creatures
  A deep elf mage (D)
  A shadow (D)
  A necrophage (D)
  A water elemental (D)
  A scorpion (D)
  A jelly (D)
  A wizard (D)
  Jessica (D)
  A necromancer (D)
  3 humans (D)
  A kobold demonologist (D)
  2 oozes (D)
  A rat (D)
16 creatures vanquished.

Vanquished Creatures (others)
  2 draconian scorchers (D)
  6 hellions (D)
  2 yaktaurs (D)
  3 plants (D)
13 creatures vanquished.

Grand Total: 29 creatures vanquished

Notes
Turn   | Place    | Note
-------+----------+-------------------------------------------
     0 | D        | Kidiri the Deep Elf Fire Elementalist began the quest for the Orb.
     0 | D        | Reached XP level 1. HP: 10/10 MP: 6/6
     5 | D        | Reached skill level 4 in Spellcasting
    45 | D        | Killed a yaktaur
    47 | D        | Reached skill level 5 in Spellcasting
    47 | D        | Reached XP level 2. HP: 15/15 MP: 3/10
    51 | D        | Learned a level 2 spell: Throw Flame
   105 | D        | Killed a hellion
   105 | D        | Killed a hellion
   113 | D        | Noticed Jessica
   114 | D        | Killed Jessica
   114 | D        | Reached skill level 6 in Spellcasting
   114 | D        | Reached XP level 3. HP: 19/19 MP: 10/13
   114 | D        | Killed a hellion
   117 | D        | Killed a hellion
   119 | D        | Learned a level 3 spell: Conjure Flame
   121 | D        | Killed a hellion
   123 | D        | Learned a level 3 spell: Inner Flame
   142 | D        | Killed a yaktaur
   169 | D        | Noticed a scorpion
   175 | D        | Killed a hellion
   180 | D        | Killed a scorpion
   180 | D        | Reached skill level 8 in Spellcasting
   180 | D        | Reached skill level 5 in Fire Magic
   180 | D        | Reached XP level 4. HP: 16/24 MP: 3/16
   186 | D        | Killed a white draconian scorcher
   188 | D        | Killed a white draconian scorcher
   204 | D        | Learned a level 4 spell: Sticky Flame
   204 | D        | Gained mutation: You expend magic power (3 MP) to strengthen your wands. [potion of mutation]
   204 | D        | Gained mutation: You possess an exceptional clarity of mind. [potion of mutation]
   205 | D        | Lost mutation: You expend magic power (3 MP) to strengthen your wands. [potion of mutation]
   205 | D        | Gained mutation: You have large cloven feet. [potion of mutation]
   466 | D        | Noticed a water elemental
   469 | D        | Killed a water elemental
   469 | D        | Reached skill level 10 in Spellcasting
   469 | D        | Reached skill level 5 in Conjurations
   469 | D        | Reached XP level 5. HP: 28/28 MP: 11/19
   476 | D        | Learned a level 5 spell: Fireball
   518 | D        | Found a radiant altar of Vehumet.
   518 | D        | Found a deep blue altar of Sif Muna.
   518 | D        | Found an ancient bone altar of Kikubaaqudgha.
   531 | D        | Became a worshipper of Vehumet
   554 | D        | Found a glowing silver altar of Zin.
   555 | D        | Found a glowing golden altar of the Shining One.
   555 | D        | Found a white marble altar of Elyvilon.
   555 | D        | Noticed a deep elf mage
   564 | D        | Killed a deep elf mage
   564 | D        | Reached skill level 5 in Dodging
   564 | D        | Reached skill level 12 in Spellcasting
   564 | D        | Reached XP level 6. HP: 12/36 MP: 13/23
   564 | D        | Reached XP level 7. HP: 13/40 MP: 14/25
   769 | D        | Found an ornate altar of the Wu Jian Council.
   769 | D        | Found a roughly hewn altar of Beogh.
   769 | D        | Found an iron altar of Okawaru.
   769 | D        | Found a bloodstained altar of Trog.
   769 | D        | Found a hide-covered altar of Uskayaw.
   769 | D        | Noticed a human
   769 | D        | Noticed a human
   773 | D        | Killed a human
   773 | D        | Reached skill level 13 in Spellcasting
   773 | D        | Killed a human
   773 | D        | Reached * piety under Vehumet
   773 | D        | Offered knowledge of Freeze by Vehumet.
   866 | D        | Found a basalt altar of Yredelemnul.
   866 | D        | Found a shadowy altar of Dithmenos.
   866 | D        | Found a sacrificial altar of Ru.
   873 | D        | Reached XP level 8. HP: 42/46 MP: 17/27
   932 | D        | HP: 2/46 [jelly/exploding inner flame[the player character] (44)]
   932 | D        | Offered knowledge of Sting by Vehumet.
   932 | D        | Reached ** piety under Vehumet
  1235 | D        | Found a blossoming altar of Fedhas.
  1235 | D        | Found a stormy altar of Qazlal.
  1235 | D        | Found a snail-covered altar of Cheibriados.
  1235 | D        | Found a burning altar of Makhleb.
  1235 | D        | Found a shimmering altar of Xom.
  1236 | D        | Found a hazy altar of Hepliaklqana.
  1236 | D        | Found an opulent altar of Gozag.
  1236 | D        | Found a sparkling altar of Nemelex Xobeh.
  1236 | D        | Found a corrupted altar of Lugonu.
  1236 | D        | Found a viscous altar of Jiyva.
  1241 | D        | Mangled by a spatial vortex

Vault maps used:
D:        dungeon_sprint_mu

Skill      XL: |  1  2  3  4  5  6  7  8 |
---------------+-------------------------+-----
Spellcasting   | 5 6 8 10 12 13 | 13.7
Conjurations   | 2 3 4 5 7 8 |  8.5
Fire Magic     | 4 5 6 8 9 |  9.1
Fighting       | 2 3 |  3.8
Short Blades   | 3 4 |  4.6
Armour         | 2 3 |  3.9
Dodging        | 5 6 |  6.3
Stealth        | |  2.4

Action                   |  1- 3 |  4- 6 |  7- 9 || total
-------------------------+-------+-------+-------++-------
Melee: Dagger            |       |       |     2 ||     2
 Cast: Flame Tongue      |    16 |     9 |    11 ||    36
       Throw Flame       |     1 |     1 |       ||     2
       Conjure Flame     |       |     1 |     2 ||     3
       Fireball          |       |     1 |     3 ||     4
       Sticky Flame      |       |     1 |     2 ||     3
       Inner Flame       |       |       |     1 ||     1
  Use: Scroll            |       |     3 |       ||     3
       Potion            |       |     2 |       ||     2
  Eat: Chunk             |       |       |     1 ||     1
Armor: Robe              |     1 |       |       ||     1
Dodge: Dodged            |     3 |     1 |     1 ||     5

Table legend:
 A = Spawn XP
 B = Non-spawn XP
 C = Spawn XP percentage of total XP
 D = Spawn monster count
 E = Non-spawn monster count
 F = Spawn count percentage of total count
 G = Total turns spent on level
                    A         B        C        D         E        F      G
               +---------+---------+-------+---------+---------+-------+---------
         Total |       0 |    1725 |   0.0 |       0 |      16 |   0.0 |  1241
               +---------+---------+-------+---------+---------+-------+---------
             D |       0 |    1725 |   0.0 |       0 |      16 |   0.0 |  1241
               +---------+---------+-------+---------+---------+-------+---------
